[Event "December 5 Early 2023"]
[Site "https://www.chess.com"]
[Date "2023.12.05"]
[Round "8"]
[White "Chemin, Justo Reinaldo"]
[Black "Rosh Jain"]
[Result "1-0"]
[Board "159"]
[TimeControl "180+1"]
[WhiteFideId "2101580"]
[BlackFideId "25789465"]
[WhiteElo "2219"]
[BlackElo "2397"]
[WhiteTeam "BRA"]
[BlackTeam "IND"]
[WhiteClock "0:02:37"]
[BlackClock "0:02:26"]

1. e4 c5 2. Nf3 d6 3. d4 cxd4 4. Nxd4 Nf6 5. Nc3 a6 6. Bg5 e6 7. f4 Be7 8. Qf3 Qc7 9. O-O-O Nbd7 10. Rd2 b5 11. e5 Bb7 12. exf6 Bxf3 13. fxe7 Bb7 14. Ndxb5 axb5 15. Nxb5 Qb6 16. Nxd6+ Qxd6 17. Rxd6 Rxa2 18. Kb1 Ra8 19. Bb5 Bc8 20. Rhd1 Ra7 1-0

[Event "December 5 Early 2023"]
[Site "https://www.chess.com"]
[Date "2023.12.05"]
[Round "8"]
[White "Zampronha, Wladimir Camilo"]
[Black "Michalski, Olaf"]
[Result "0-1"]
[Board "160"]
[TimeControl "180+1"]
[WhiteFideId "2103087"]
[BlackFideId "1106740"]
[WhiteElo "2370"]
[BlackElo "2187"]
[WhiteTeam "BRA"]
[BlackTeam "POL"]
[WhiteClock "0:02:25"]
[BlackClock "0:01:54"]

1. e4 c5 2. Nf3 a6 3. Nc3 d6 4. d4 cxd4 5. Nxd4 Nf6 6. Bg5 Nbd7 7. f4 Qb6 8. Qd2 Qxb2 9. Rb1 Qa3 10. Bc4 e6 11. O-O Qc5 12. Kh1 Qxc4 13. f5 Ne5 14. Bxf6 gxf6 15. fxe6 fxe6 16. Rf5 exf5 17. exf5 0-1

[Event "December 5 Early 2023"]
[Site "https://www.chess.com"]
[Date "2023.12.05"]
[Round "8"]
[White "Barath1308"]
[Black "Pertinez Soria, Juan Luis"]
[Result "1-0"]
[Board "161"]
[TimeControl "180+1"]
[BlackFideId "2225620"]
[WhiteElo "2342"]
[BlackElo "2168"]
[BlackTeam "ESP"]
[WhiteClock "0:00:56"]
[BlackClock "0:01:16"]

1. d4 e6 2. Nf3 Nf6 3. c4 b6 4. g3 Bb7 5. Bg2 Bb4+ 6. Nbd2 O-O 7. O-O c5 8. Nb3 cxd4 9. Nbxd4 a6 10. Bf4 d6 11. Nc2 e5 12. Bg5 Bc5 13. b4 Bd4 14. Ncxd4 exd4 15. Qxd4 Nc6 16. Qb2 h6 17. Bxf6 gxf6 18. Rad1 Qe7 19. e3 Rad8 20. Nd4 Ne5 21. Nf5 Qc7 22. Rd4 Nf3+ 23. Bxf3 Bxf3 24. Qd2 d5 25. e4 Bg4 26. Qxh6 Bxf5 27. exf5 Qxc4 28. Rxc4 dxc4 29. Qxf6 Rd5 30. Re1 Rfd8 31. Re4 1-0

[Event "December 5 Early 2023"]
[Site "https://www.chess.com"]
[Date "2023.12.05"]
[Round "8"]
[White "Buscar, Michael"]
[Black "pauliukevicius"]
[Result "1-0"]
[Board "162"]
[TimeControl "180+1"]
[WhiteFideId "2603616"]
[WhiteElo "2342"]
[BlackElo "2153"]
[WhiteTeam "CAN"]
[WhiteClock "0:00:37"]
[BlackClock "0:00:10"]

1. Nf3 Nf6 2. g3 d5 3. Bg2 c5 4. O-O Nc6 5. d4 cxd4 6. Nxd4 e5 7. Nxc6 bxc6 8. c4 Be6 9. cxd5 cxd5 10. Qa4+ Qd7 11. Qxd7+ Kxd7 12. Nc3 Ke8 13. Rd1 Rd8 14. Nb5 Rd7 15. Be3 a6 16. Na3 Bd6 17. Rac1 Ke7 18. Rc6 Rb8 19. Bc1 Bxa3 20. bxa3 a5 21. Bd2 Rb2 22. Bxa5 Rxa2 23. Bb4+ Ke8 24. e3 e4 25. Bf1 Bg4 26. Rdc1 Rd8 27. Bb5 Bd7 28. Rb6 Bxb5 29. Rxb5 Ng4 30. Rb7 f6 31. Re7+ Kf8 32. Rxe4+ Kg8 33. Rxg4 d4 34. Rxd4 Rc8 35. Rxc8+ Kf7 36. Rd7+ Kg6 37. Rcc7 Kg5 38. Kg2 Kg4 39. Rxg7+ Kf5 40. Rxh7 Ke4 41. Rh4+ Ke5 42. Rd4 f5 43. Rc5+ Kf6 44. Rdd5 Kg5 45. Rxf5+ Kg4 46. h3# 1-0

[Event "December 5 Early 2023"]
[Site "https://www.chess.com"]
[Date "2023.12.05"]
[Round "8"]
[White "Tarasova, Viktoriya"]
[Black "Vanek, Tomas"]
[Result "1/2-1/2"]
[Board "163"]
[TimeControl "180+1"]
[WhiteFideId "4175840"]
[BlackFideId "313459"]
[WhiteElo "2331"]
[BlackElo "2145"]
[WhiteTeam "RUS"]
[BlackTeam "CZE"]
[WhiteClock "0:00:30"]
[BlackClock "0:00:16"]

1. d4 f5 2. c4 Nf6 3. g3 g6 4. Bg2 Bg7 5. Nf3 O-O 6. O-O d6 7. Nc3 c6 8. Re1 Ne4 9. Qc2 d5 10. Bf4 Na6 11. a3 h6 12. Be5 Be6 13. Bxg7 Kxg7 14. cxd5 Bxd5 15. b4 Nc7 16. Ne5 Nxc3 17. Qxc3 Nb5 18. Qc5 b6 19. Qc1 Nxd4 20. Qb2 Bxg2 21. Kxg2 Qd5+ 22. Nf3 e5 23. Red1 Rad8 24. Rac1 Rf6 25. Kf1 Qe4 26. Rd2 Rfd6 27. Rcd1 Nxf3 28. exf3 Qc4+ 29. Kg2 Rxd2 30. Rxd2 Rxd2 31. Qxd2 Qd4 32. Qe2 b5 33. Qc2 Qc4 34. Qd2 Qd4 35. Qc2 Qc4 36. Qd1 Qd4 37. Qc1 Qc4 38. Qe3 Qd4 39. Qb3 Qc4 40. Qe3 Qd4 41. Qb3 Qc4 42. Qe3 1/2-1/2

[Event "December 5 Early 2023"]
[Site "https://www.chess.com"]
[Date "2023.12.05"]
[Round "8"]
[White "De Arruda, Leandro Formes"]
[Black "Ghosh, Chanchal Kumer"]
[Result "1-0"]
[Board "164"]
[TimeControl "180+1"]
[WhiteFideId "22722009"]
[BlackFideId "10201858"]
[WhiteElo "2325"]
[BlackElo "2074"]
[WhiteTeam "BRA"]
[BlackTeam "BAN"]
[WhiteClock "0:00:35"]
[BlackClock "0:00:00"]

1. d4 d5 2. Nf3 e6 3. e3 Nf6 4. Bd3 c5 5. c3 Nc6 6. Nbd2 Bd6 7. O-O O-O 8. Re1 e5 9. e4 cxd4 10. cxd4 dxe4 11. Nxe4 Nxe4 12. Bxe4 Nxd4 13. Nxd4 exd4 14. Qh5 g6 15. Qh6 Qf6 16. Bg5 Qg7 17. Qh4 h5 18. Bf6 Qh6 19. Bg5 Qg7 20. Rad1 Bc5 21. Bd5 Bg4 22. f3 Bf5 23. Bf6 Qh6 24. Bxd4 Bxd4+ 25. Rxd4 Rac8 26. Bxb7 Rc2 27. Bd5 Rxb2 28. Bb3 Qg7 29. Rc4 Rb8 30. Rc7 Rf8 31. Qe7 Rd2 32. Rc4 Qb2 33. Qg5 Kg7 34. Rc7 a5 35. Bc4 Qd4+ 36. Qe3 Qxe3+ 37. Rxe3 Rc2 38. Ree7 Kh6 39. h3 h4 40. Bxf7 Rxc7 41. Rxc7 a4 42. Ra7 Bb1 43. Bc4 Bc2 44. Kf2 Rd8 45. Bb5 1-0

[Event "December 5 Early 2023"]
[Site "https://www.chess.com"]
[Date "2023.12.05"]
[Round "8"]
[White "Tilahun , Abel Mathewos"]
[Black "IranianCheetah"]
[Result "1-0"]
[Board "165"]
[TimeControl "180+1"]
[WhiteFideId "15702391"]
[WhiteElo "2014"]
[BlackElo "2322"]
[WhiteTeam "ETH"]
[WhiteClock "0:00:05"]
[BlackClock "0:00:08"]

1. d4 d5 2. c4 c6 3. Nf3 Nf6 4. Nc3 dxc4 5. e3 b5 6. a4 b4 7. Na2 e6 8. Bxc4 Be7 9. O-O O-O 10. Re1 Ne4 11. Nd2 Nd6 12. Bd3 a5 13. e4 Ba6 14. Nf3 Nd7 15. e5 Nf5 16. Bxf5 exf5 17. Qc2 g6 18. Qxc6 Nb6 19. Qc2 Qd5 20. Bh6 Rfc8 21. Qd2 Nc4 22. Qf4 Nxb2 23. Nc1 Bb7 24. Ne2 Nd3 25. Qg3 Nxe1 26. Rxe1 Rc2 27. Nf4 Qd7 28. e6 fxe6 29. Nxe6 Rac8 30. h4 Bxf3 31. Qe5 Bf8 32. Nxf8 Rxf8 33. Bxf8 Kxf8 34. gxf3 Rc8 35. Qh8+ Kf7 36. Qxh7+ Kf6 37. Qxd7 Rf8 38. Re6# 1-0

[Event "December 5 Early 2023"]
[Site "https://www.chess.com"]
[Date "2023.12.05"]
[Round "8"]
[White "Shapiro, Daniel"]
[Black "BestestBP"]
[Result "1-0"]
[Board "166"]
[TimeControl "180+1"]
[WhiteFideId "2001780"]
[WhiteElo "2309"]
[BlackElo "2068"]
[WhiteTeam "USA"]
[WhiteClock "0:00:08"]
[BlackClock "0:00:00"]

1. d4 Nf6 2. c4 e6 3. g3 Bb4+ 4. Bd2 a5 5. Bg2 O-O 6. Nf3 d5 7. Qc2 c5 8. dxc5 d4 9. Ne5 Nbd7 10. Nd3 Bxd2+ 11. Nxd2 Qc7 12. Nb3 e5 13. a4 e4 14. Nf4 Nxc5 15. Nxd4 Qe5 16. Nb5 e3 17. f3 Rd8 18. Qc3 Qxc3+ 19. Nxc3 Rd2 20. Nfd5 Rxb2 21. Nxe3 Be6 22. O-O Rb4 23. Ncd5 Rxa4 24. Rxa4 Nxa4 25. Nc7 Rc8 26. Nxe6 fxe6 27. Ra1 Nb6 28. Rxa5 Nxc4 29. Nxc4 Rxc4 30. Rb5 Rc7 31. f4 Nd5 32. Bxd5 exd5 33. Rxd5 Rc2 34. Kf2 Rb2 35. Kf3 Kf7 36. Rd7+ Kf6 37. h3 b5 38. e4 Rb3+ 39. Kg4 h5+ 40. Kh4 g6 41. Rd6+ Kf7 42. g4 hxg4 43. hxg4 Rb1 44. Kg5 b4 45. Rd7+ Ke6 46. Rb7 b3 47. Kxg6 b2 48. Rb6+ Ke7 49. e5 Kd7 50. f5 Ke7 51. Rb7+ Ke8 52. Kf6 Rg1 53. Ke6 b1=Q 54. Rxb1 Rxb1 55. f6 Rb6+ 56. Kf5 Rb1 57. g5 Rf1+ 58. Ke6 1-0

[Event "December 5 Early 2023"]
[Site "https://www.chess.com"]
[Date "2023.12.05"]
[Round "8"]
[White "Fernandez Hernandez, Gerardo"]
[Black "Mickiewicz, Piotr"]
[Result "0-1"]
[Board "167"]
[TimeControl "180+1"]
[WhiteFideId "2207400"]
[BlackFideId "1114891"]
[WhiteElo "2219"]
[BlackElo "2372"]
[WhiteTeam "ESP"]
[BlackTeam "POL"]
[WhiteClock "0:00:00"]
[BlackClock "0:00:09"]

1. e4 c5 2. d3 Nc6 3. g3 g6 4. Bg2 Bg7 5. f4 Rb8 6. Nf3 b5 7. O-O d6 8. Nc3 b4 9. Ne2 Nf6 10. h3 Nd7 11. Rb1 a5 12. Nh4 e6 13. f5 g5 14. fxe6 fxe6 15. Nf3 h6 16. g4 Nde5 17. Ng3 Rf8 18. Nh5 Bh8 19. Be3 Nxf3+ 20. Rxf3 Nd4 21. Rxf8+ Kxf8 22. Kh1 Kg8 23. Qd2 Be5 24. Rf1 Ba6 25. Qf2 Qe7 26. Qd2 Rf8 27. Kg1 a4 28. b3 a3 29. Rxf8+ Qxf8 30. Kh1 Qf7 31. Bxd4 Bxd4 32. Ng3 Bc3 33. Qe2 Qf4 34. Qf3 Qc1+ 35. Kh2 Qxc2 36. e5 Qxd3 37. Qa8+ Kh7 38. exd6 Qxd6 39. Qa7+ Kg6 40. Qa8 Kf6 0-1

[Event "December 5 Early 2023"]
[Site "https://www.chess.com"]
[Date "2023.12.05"]
[Round "8"]
[White "Korol, Dimitry"]
[Black "Saim, Mohamed Ilias"]
[Result "1-0"]
[Board "168"]
[TimeControl "180+1"]
[WhiteFideId "14108003"]
[BlackFideId "7900465"]
[WhiteElo "2293"]
[BlackElo "2007"]
[WhiteTeam "UKR"]
[BlackTeam "ALG"]
[WhiteClock "0:00:03"]
[BlackClock "0:00:00"]

1. d4 Nf6 2. c4 e6 3. Nc3 Bb4 4. Qc2 c5 5. dxc5 O-O 6. Nf3 Nc6 7. a3 Bxc5 8. Bg5 Be7 9. e3 a6 10. Be2 b6 11. O-O Bb7 12. Rfd1 Qc7 13. Rac1 d6 14. Bxf6 Bxf6 15. Nd5 exd5 16. cxd5 Rac8 17. dxc6 Qxc6 18. Qxc6 Bxc6 19. Rxd6 Bxf3 20. Rxc8 Bxe2 21. Rxf8+ Kxf8 22. Rxb6 Bb5 23. b3 Ke8 24. a4 Bd3 25. Rd6 Be2 26. f3 a5 27. Kf2 Be7 28. Rd5 Ba6 29. Rxa5 Bc8 30. Rb5 Kd7 31. a5 Kc6 32. Rb6+ Kc7 33. b4 Bb7 34. g4 h6 35. Kg3 Bd6+ 36. f4 Be7 37. h4 Bd8 38. g5 hxg5 39. fxg5 Kb8 40. Rb5 Ka7 41. Kf4 Ka6 42. Rc5 Be7 43. Rc4 Bd6+ 44. Kg4 Bd5 45. Rd4 Be6+ 46. Kh5 Be5 47. Re4 Bd6 48. Rd4 Be7 49. g6 fxg6+ 50. Kxg6 1-0

[Event "December 5 Early 2023"]
[Site "https://www.chess.com"]
[Date "2023.12.05"]
[Round "8"]
[White "Chirivi C, Jenny Astrid"]
[Black "Skiadopoulos, Nikolaos"]
[Result "1-0"]
[Board "169"]
[TimeControl "180+1"]
[WhiteFideId "4403061"]
[BlackFideId "4200772"]
[WhiteElo "2270"]
[BlackElo "1774"]
[WhiteTeam "COL"]
[BlackTeam "GRE"]
[WhiteClock "0:00:01"]
[BlackClock "0:00:00"]

1. d4 Nf6 2. c4 c5 3. d5 b5 4. Qc2 bxc4 5. e4 Ba6 6. Bxc4 d6 7. Nf3 g6 8. O-O Bxc4 9. Qxc4 Bg7 10. Nc3 O-O 11. h3 Nbd7 12. Re1 Rb8 13. b3 Rb4 14. Qd3 Nxe4 15. Nxe4 Bxa1 16. Bd2 Rxe4 17. Qxe4 Bf6 18. Bg5 Bxg5 19. Nxg5 Re8 20. Qa4 h6 21. Ne4 Qc7 22. Nc3 e5 23. dxe6 Rxe6 24. Rxe6 fxe6 25. Qe4 Nf8 26. Qf4 Qe7 27. Ne4 e5 28. Qxh6 d5 29. Qg5 Qxg5 30. Nxg5 Kg7 31. Kf1 Kf6 32. h4 Nd7 33. Ke2 e4 34. Ke3 Ne5 35. f3 exf3 36. gxf3 Kf5 37. Ke2 d4 38. Ne4 Kf4 39. Nxc5 Nxf3 40. Ne6+ Ke4 41. Nc5+ Kf4 42. Nd3+ Ke4 43. Nf2+ Kf4 44. Kd3 Nxh4 45. Kxd4 Kf3 46. Ne4 Nf5+ 47. Ke5 Nh4 48. b4 Kg4 49. a4 g5 50. Nf6+ Kg3 51. b5 Nf3+ 52. Kd5 g4 53. a5 Kf4 54. b6 axb6 55. axb6 g3 56. Nh5+ Kg4 57. Nxg3 Kxg3 58. b7 Ng5 59. b8=Q+ 1-0

[Event "December 5 Early 2023"]
[Site "https://www.chess.com"]
[Date "2023.12.05"]
[Round "8"]
[White "Reinecke, Katharina"]
[Black "Mirzoev, Azer"]
[Result "0-1"]
[Board "170"]
[TimeControl "180+1"]
[WhiteFideId "12929727"]
[BlackFideId "13400304"]
[WhiteElo "2027"]
[BlackElo "2598"]
[WhiteTeam "GER"]
[BlackTeam "AZE"]
[WhiteClock "0:00:50"]
[BlackClock "0:01:43"]

1. d4 c6 2. c4 d5 3. Nf3 dxc4 4. g3 b5 5. Bg2 Bb7 6. O-O e6 7. a4 Nd7 8. Ne5 Nxe5 9. dxe5 Qxd1 10. Rxd1 a6 11. axb5 axb5 12. Rxa8+ Bxa8 13. Na3 Bxa3 14. bxa3 Ne7 15. Be3 Nd5 16. Bc5 h5 17. e4 Nc3 18. Rd6 O-O 19. f4 Na4 20. Be3 c5 21. Ra6 Rd8 22. Bf3 c3 23. Kf2 c2 24. f5 exf5 25. exf5 Bxf3 26. Kxf3 Rd3 27. e6 fxe6 28. fxe6 Rxe3+ 29. Kxe3 c1=Q+ 30. Ke2 Qc4+ 31. Kf3 Qd5+ 32. Kf2 Qf5+ 33. Kg1 Qe4 0-1

[Event "December 5 Early 2023"]
[Site "https://www.chess.com"]
[Date "2023.12.05"]
[Round "8"]
[White "Biriukov, Ilja"]
[Black "Zaksaite, Salomeja"]
[Result "1-0"]
[Board "171"]
[TimeControl "180+1"]
[WhiteFideId "4113373"]
[BlackFideId "12801496"]
[WhiteElo "2123"]
[BlackElo "2374"]
[WhiteTeam "RUS"]
[BlackTeam "LTU"]
[WhiteClock "0:00:25"]
[BlackClock "0:00:34"]

1. d4 f5 2. g4 d6 3. Nc3 fxg4 4. h3 Nf6 5. Bg5 Nc6 6. e4 gxh3 7. Bxh3 Bxh3 8. Nxh3 Qd7 9. d5 Ne5 10. Nf4 O-O-O 11. Ne6 Re8 12. f4 Nf7 13. Qd4 Kb8 14. a4 Nd8 15. f5 Ng4 16. Nb5 b6 17. Nbxc7 Ne5 18. Rh3 h6 19. Bf4 Nxe6 20. Nxe6 g5 21. Bxe5 Rg8 22. Bh2 g4 23. Rb3 h5 24. a5 h4 25. axb6 a6 26. Rxa6 g3 27. b7 gxh2 28. Ra8# 1-0

[Event "December 5 Early 2023"]
[Site "https://www.chess.com"]
[Date "2023.12.05"]
[Round "8"]
[White "Viskelis, Darius"]
[Black "Teumer, Joerg, Dr."]
[Result "1-0"]
[Board "172"]
[TimeControl "180+1"]
[WhiteFideId "12800830"]
[BlackFideId "4643526"]
[WhiteElo "2370"]
[BlackElo "2128"]
[WhiteTeam "LTU"]
[BlackTeam "GER"]
[WhiteClock "0:01:47"]
[BlackClock "0:00:00"]

1. e4 d5 2. exd5 Nf6 3. c4 e6 4. d4 exd5 5. Nc3 c6 6. Nf3 Be7 7. Be2 Be6 8. c5 b6 9. cxb6 axb6 10. O-O O-O 11. h3 Re8 12. Re1 h6 13. Ne5 Bd6 14. Bf3 Qc7 15. Bf4 Nbd7 16. Rc1 Bxe5 17. Bxe5 Nxe5 18. dxe5 Nd7 19. Nb5 Qb8 20. Nd6 Rd8 21. a3 Nc5 22. b4 Ne4 23. Bxe4 dxe4 24. Rxc6 Rxa3 25. Qd4 Qa8 26. Rec1 e3 27. fxe3 Qa4 28. Qxb6 Rf8 29. Qd4 Qb3 30. b5 Ra4 31. Qc3 Qd5 32. b6 Ra2 33. Rc2 Rxc2 34. Qxc2 Ra8 35. b7 Ra1+ 36. Kh2 Qxe5+ 37. g3 Qxe3 38. Rc8+ Bxc8 39. bxc8=Q+ 1-0

[Event "December 5 Early 2023"]
[Site "https://www.chess.com"]
[Date "2023.12.05"]
[Round "8"]
[White "Clawitter, Craig"]
[Black "Osiecki, Stanislaw"]
[Result "1-0"]
[Board "173"]
[TimeControl "180+1"]
[WhiteFideId "2023105"]
[BlackFideId "1102990"]
[WhiteElo "2236"]
[BlackElo "2120"]
[WhiteTeam "USA"]
[BlackTeam "POL"]
[WhiteClock "0:00:08"]
[BlackClock "0:00:00"]

1. e4 e6 2. d4 d5 3. e5 c5 4. c3 Nc6 5. Nf3 Qb6 6. a3 c4 7. Nbd2 Na5 8. g3 Bd7 9. Bg2 O-O-O 10. O-O h6 11. Ne1 Ne7 12. Qf3 Be8 13. Nc2 Nec6 14. Nb4 Kb8 15. Rb1 Ka8 16. b3 cxb3 17. Nxb3 Nxb3 18. Rxb3 Bxb4 19. axb4 Na5 20. Ra3 Nc4 21. Ra2 Qc7 22. h4 Bb5 23. Bf4 Qc6 24. Rfa1 a6 25. Bf1 Rdg8 26. h5 g5 27. Bc1 Qd7 28. Bh3 Rf8 29. Qf6 Qd8 30. f4 Qxf6 31. exf6 gxf4 32. Bxf4 Rd8 33. Rf2 Nd6 34. Bxd6 Rxd6 35. Bf1 Bxf1 36. Raxf1 Rc8 37. Rf3 Rdc6 38. Rc1 Rc4 39. Kf2 Rxd4 40. cxd4 Rxc1 41. Re3 Rc4 42. Rxe6 Rxd4 43. Re8+ Ka7 44. Re7 Rd2+ 45. Ke3 Rd1 46. Rxf7 Rf1 47. Ke2 Rf5 48. g4 Rf4 49. Ke3 Rf1 50. Rf8 Kb6 51. f7 Kb5 52. g5 hxg5 53. h6 Kxb4 54. h7 1-0

[Event "December 5 Early 2023"]
[Site "https://www.chess.com"]
[Date "2023.12.05"]
[Round "8"]
[White "NastyaHn"]
[Black "Mende, Andreas"]
[Result "1/2-1/2"]
[Board "175"]
[TimeControl "180+1"]
[BlackFideId "4631102"]
[WhiteElo "2204"]
[BlackElo "2092"]
[BlackTeam "GER"]
[WhiteClock "0:00:07"]
[BlackClock "0:00:30"]

1. Nc3 c5 2. Nf3 Nc6 3. d4 cxd4 4. Nxd4 Nf6 5. Bg5 d6 6. Bxf6 gxf6 7. Qd2 e5 8. Nb3 Be6 9. O-O-O a5 10. a4 Nb4 11. e4 h5 12. Bb5+ Ke7 13. Kb1 Bh6 14. Qe2 Rc8 15. g3 Bg4 16. f3 Be6 17. h3 Qb6 18. f4 h4 19. f5 Bxb3 20. cxb3 hxg3 21. Bc4 Bf4 22. Rd5 Qf2 23. Qxf2 gxf2 24. Rdd1 Rcg8 25. Rdf1 Be3 26. Nd1 Bd4 27. Rh2 Rg1 28. Rh1 Rxh3 29. Rxh3 Rxf1 30. Bxf1 d5 31. Rh7 dxe4 32. Rh2 e3 33. Nxe3 Bxe3 34. Rh3 Bd4 35. Kc1 Nd5 36. Kd2 Nf4 37. Rf3 Nd5 38. Kd3 Nb4+ 39. Kc4 Nc2 40. Rd3 Ne1 41. Rd1 Nf3 42. Rd3 Nh2 43. Rd1 Ng4 44. Rd3 Ne3+ 45. Rxe3 Bxe3 46. Kd3 Bd4 47. Ke2 Kd6 48. Bg2 Kc5 49. Bxb7 Kb4 50. Bd5 e4 51. Bxe4 Kxb3 52. Bd5+ Kxb2 53. Bxf7 Ka3 54. Be8 Kb4 55. Bd7 Be5 56. Be8 Bd4 57. Bd7 Kc3 58. Be8 Kc4 59. Bd7 Kd5 60. Be8 Ke5 61. Bd7 Kf4 62. Bc8 Kg3 63. Kf1 Kf4 64. Bd7 Ke5 65. Bc8 Kd6 66. Be6 Kc5 67. Bd7 Kb4 68. Be8 1/2-1/2

[Event "December 5 Early 2023"]
[Site "https://www.chess.com"]
[Date "2023.12.05"]
[Round "8"]
[White "Gulamirian, Korun"]
[Black "Florianovitz, Derlei Alex"]
[Result "0-1"]
[Board "176"]
[TimeControl "180+1"]
[WhiteFideId "4144899"]
[BlackFideId "2114178"]
[WhiteElo "2009"]
[BlackElo "2198"]
[WhiteTeam "RUS"]
[BlackTeam "BRA"]
[WhiteClock "0:00:00"]
[BlackClock "0:00:24"]

1. e4 e6 2. d4 d5 3. Nd2 c5 4. exd5 Qxd5 5. dxc5 Qxc5 6. Ngf3 a6 7. Ne4 Qc7 8. Be3 Be7 9. Be2 Nf6 10. Ng3 b5 11. c3 Bb7 12. O-O O-O 13. Qc2 Nbd7 14. Rad1 Nd5 15. Bc1 N7f6 16. Ng5 h6 17. N5e4 Rfd8 18. Bf3 Rac8 19. Nxf6+ Nxf6 20. Bxb7 Qxb7 21. Rd3 Rxd3 22. Qxd3 Rd8 23. Qc2 Qd5 24. Ne2 Qxa2 25. Nd4 Qc4 26. Rd1 Qd5 27. Rd2 Ne4 28. Re2 Nc5 29. Rd2 Bg5 30. Rd1 e5 31. b4 Ne6 32. Bxg5 hxg5 33. Qf5 exd4 34. Qxd5 Rxd5 35. cxd4 Rxd4 36. Rb1 Nd8 37. Kf1 Nc6 38. Ke2 Nxb4 0-1

[Event "December 5 Early 2023"]
[Site "https://www.chess.com"]
[Date "2023.12.05"]
[Round "8"]
[White "Vargas, Mauricio"]
[Black "Petersson, Kjell"]
[Result "0-1"]
[Board "177"]
[TimeControl "180+1"]
[WhiteFideId "4404572"]
[BlackFideId "1705148"]
[WhiteElo "1839"]
[BlackElo "2170"]
[WhiteTeam "COL"]
[BlackTeam "SWE"]
[WhiteClock "0:00:00"]
[BlackClock "0:00:27"]

1. e4 c5 2. Nc3 g6 3. f4 Bg7 4. Nf3 e6 5. g4 h5 6. g5 d6 7. d3 Nc6 8. Bg2 Nd4 9. O-O Ne7 10. Ne2 Bd7 11. Nh4 Qb6 12. c3 Nxe2+ 13. Qxe2 Bc6 14. f5 gxf5 15. exf5 Bxg2 16. Kxg2 Qc6+ 17. Kg1 Be5 18. fxe6 fxe6 19. Bf4 Qd5 20. h3 Bxf4 21. Rxf4 Qxg5+ 22. Ng2 Rg8 23. Rf2 e5 24. d4 O-O-O 25. dxc5 dxc5 26. Qc4 b6 27. Qe6+ Kb8 28. b4 Rg6 29. Qb3 cxb4 30. Qxb4 Rdg8 31. Qb2 Nd5 32. Rd1 Nf4 33. Rdd2 Nxh3+ 34. Kf1 Nxf2 35. Rxf2 Rf6 0-1

[Event "December 5 Early 2023"]
[Site "https://www.chess.com"]
[Date "2023.12.05"]
[Round "8"]
[White "Jesusesmifuerza"]
[Black "Nikulina, Alena"]
[Result "1/2-1/2"]
[Board "178"]
[TimeControl "180+1"]
[BlackFideId "4172051"]
[WhiteElo "2104"]
[BlackElo "2016"]
[BlackTeam "RUS"]
[WhiteClock "0:01:10"]
[BlackClock "0:00:30"]

1. d4 d5 2. Nf3 Nf6 3. e3 e6 4. Bd3 c5 5. c3 Nc6 6. Nbd2 Bd6 7. O-O e5 8. dxc5 Bxc5 9. e4 O-O 10. exd5 Qxd5 11. Bc4 Qd8 12. Re1 Re8 13. Nb3 Bb6 14. Bg5 Qxd1 15. Raxd1 Ng4 16. Rd2 Be6 17. Bxe6 Rxe6 18. h3 Nf6 19. Rde2 Nd7 20. Be3 f6 21. Bxb6 Nxb6 22. Rd2 Kf7 23. Red1 Rae8 24. Nc5 R6e7 25. Nd7 Nc4 26. Rd5 Nxb2 27. Rb1 Na4 28. Rxb7 Rd8 29. c4 Nc3 30. Rd2 Ne4 31. Rd5 Nc3 32. Rd2 Ne4 33. Rd5 Nc3 1/2-1/2

[Event "December 5 Early 2023"]
[Site "https://www.chess.com"]
[Date "2023.12.05"]
[Round "8"]
[White "Feliz Dotel, Dewar Bienvenido"]
[Black "Fakhretdinova, Margarita"]
[Result "0-1"]
[Board "179"]
[TimeControl "180+1"]
[WhiteFideId "6402801"]
[BlackFideId "24103667"]
[WhiteElo "2068"]
[BlackElo "2284"]
[WhiteTeam "DOM"]
[BlackTeam "RUS"]
[WhiteClock "0:00:00"]
[BlackClock "0:01:08"]

1. d4 Nf6 2. e3 g6 3. Nf3 Bg7 4. Be2 O-O 5. b4 b6 6. Bb2 Bb7 7. O-O d6 8. c4 a5 9. a3 Nbd7 10. Nc3 Re8 11. Qb3 Qc8 12. d5 e6 13. dxe6 Rxe6 14. Nb5 a4 15. Qc3 Ne5 16. Nbd4 Re7 17. c5 bxc5 18. bxc5 Ne4 19. Qc2 Nxc5 20. Nxe5 Bxe5 21. Nf3 Be4 22. Qd2 Nb3 23. Qb4 Bxb2 24. Rad1 c5 25. Qe1 Bxa3 26. Bc4 Qc6 27. Qe2 Rb8 0-1

[Event "December 5 Early 2023"]
[Site "https://www.chess.com"]
[Date "2023.12.05"]
[Round "8"]
[White "Kniazev, Igor"]
[Black "Smirnov, Timofey"]
[Result "0-1"]
[Board "180"]
[TimeControl "180+1"]
[WhiteFideId "4136349"]
[BlackFideId "24176427"]
[WhiteElo "2095"]
[BlackElo "2025"]
[WhiteTeam "RUS"]
[BlackTeam "RUS"]
[WhiteClock "0:00:00"]
[BlackClock "0:00:12"]

1. e4 e5 2. Nf3 Nf6 3. Nxe5 d6 4. Nf3 Nxe4 5. d4 d5 6. Bd3 Nc6 7. O-O Be7 8. c4 Nb4 9. Bxe4 dxe4 10. Ne5 O-O 11. a3 Na6 12. Be3 c6 13. Nc3 Bf5 14. h3 h6 15. Qd2 Bg5 16. Rad1 Bxe3 17. Qxe3 Qg5 18. f4 exf3 19. Qxg5 hxg5 20. Rxf3 g6 21. g4 Be6 22. d5 cxd5 23. cxd5 Bc8 24. Rdf1 Nc5 25. Rxf7 Rxf7 26. Nxf7 Bd7 27. Ne5 Be8 28. b4 Nb3 29. Ne4 Nd4 30. Nf6+ Kf8 31. d6 Bb5 32. Nfd7+ Kg8 33. Rf6 Ne2+ 34. Kf2 Nf4 35. Kg3 Rc8 36. Nc5 b6 37. d7 Rd8 38. Nb7 Rb8 39. d8=Q+ Rxd8 40. Nxd8 Kg7 41. Rf7+ Kg8 0-1

[Event "December 5 Early 2023"]
[Site "https://www.chess.com"]
[Date "2023.12.05"]
[Round "8"]
[White "Subramanian, Anusha"]
[Black "Mangialardo, Tiago Carvalho"]
[Result "1-0"]
[Board "181"]
[TimeControl "180+1"]
[WhiteFideId "477710"]
[BlackFideId "2130718"]
[WhiteElo "2022"]
[BlackElo "2079"]
[WhiteTeam "ENG"]
[BlackTeam "BRA"]
[WhiteClock "0:00:37"]
[BlackClock "0:00:09"]

1. e4 Nf6 2. e5 Nd5 3. d4 d6 4. c4 Nb6 5. f4 g6 6. Nf3 Bg7 7. Nc3 O-O 8. Be3 dxe5 9. fxe5 Nc6 10. Bd3 Bg4 11. Be4 Nxc4 12. Qd3 Nxe3 13. Qxe3 Bxf3 14. Bxf3 Qxd4 15. Qxd4 Nxd4 16. O-O-O Nxf3 17. gxf3 Bxe5 18. Nd5 Bd6 19. h4 c6 20. Nc3 f5 21. h5 Kg7 22. Rdg1 Rf6 23. Rh3 e5 24. hxg6 Rxg6 25. Rgh1 h6 26. Rh5 Rg5 27. Rxh6 Bc5 28. Rh7+ Kf6 29. Rxb7 Bb6 30. Rd7 Re8 31. Rh6+ Rg6 32. Rd6+ Kf7 33. Rhxg6 e4 34. fxe4 fxe4 35. Rdf6+ Ke7 36. Re6+ Kd7 37. Rxe8 Kxe8 38. Re6+ Kd7 39. Rxe4 1-0

[Event "December 5 Early 2023"]
[Site "https://www.chess.com"]
[Date "2023.12.05"]
[Round "9"]
[White "Aronian, Levon"]
[Black "Le, Tuan Minh"]
[Result "1-0"]
[Board "1"]
[TimeControl "180+1"]
[WhiteFideId "13300474"]
[BlackFideId "12401153"]
[WhiteElo "3098"]
[BlackElo "3080"]
[WhiteTeam "USA"]
[BlackTeam "VIE"]
[WhiteClock "0:00:04"]
[BlackClock "0:00:04"]

1. e4 e5 2. Nf3 Nc6 3. Bb5 a6 4. Ba4 Bc5 5. c3 Nge7 6. d4 exd4 7. cxd4 Bb4+ 8. Bd2 Bxd2+ 9. Nbxd2 d5 10. e5 O-O 11. O-O Bg4 12. h3 Bh5 13. Qc1 f6 14. Re1 fxe5 15. dxe5 Rf4 16. Bb3 Qf8 17. Qc5 Kh8 18. Rac1 Rd8 19. Nh2 b6 20. Qe3 d4 21. Qg3 d3 22. Kh1 Be2 23. f3 Nxe5 24. Rxc7 N5g6 25. Ng4 Nf5 26. Qf2 Qd6 27. Rec1 Nd4 28. Ne3 Rff8 29. R7c4 b5 30. Rc5 Qf4 31. R1c3 Rde8 32. Nef1 Bxf1 33. Nxf1 Re2 34. Qg3 d2 35. Rd3 Re1 36. Qxf4 Rxf1+ 37. Kh2 Rxf4 38. Rc8+ Rf8 39. Rxf8+ Nxf8 40. Rxd4 Rf2 41. Kg1 Re2 42. Kf1 Re1+ 43. Kf2 Re8 44. Rxd2 g6 45. a3 Kg7 46. Bd5 Rd8 47. Ke3 Re8+ 48. Be4 Ne6 49. Rd6 a5 50. Rb6 g5 51. Rxb5 a4 52. Rb4 Nc5 53. Kd4 Ne6+ 54. Kc3 Nf4 55. g4 Nxh3 56. Rxa4 Kf6 57. Ra6+ Ke5 58. Bxh7 Ng1 59. Be4 Ne2+ 60. Kb3 Rb8+ 61. Ka2 Nc1+ 62. Kb1 Nb3 63. Rc6 Nd4 64. Rc3 Ne2 65. Rc2 Nd4 66. Rc4 Nb3 67. Ka2 Nd2 68. Rc5+ Kf4 69. b4 Ke3 70. Bd5 Kd4 71. Kb2 Rh8 72. Bb3 Nf1 73. a4 Ne3 74. a5 Rh2+ 75. Ka3 Rh1 76. a6 Ra1+ 77. Ba2 Kd3 78. a7 Nc2+ 79. Rxc2 Kxc2 80. a8=Q Rd1 81. Qe4+ Kc3 82. Qe3+ Rd3 83. Qxd3+ Kxd3 84. b5 1-0